 Dungeon Crawl Stone Soup version 0.22-a0-348-gd16d1391c7 (webtiles) character file.

72 Manul the Skirmisher (level 4, -12/36 (38) HPs)
             Began as a Ghoul Fighter on Apr 8, 2018.
             Killed from afar by dcsswall's ghost (14 damage)
             ... with a flame tongue
             ... on level 3 of the Dungeon.
             The game lasted 00:02:44 (2183 turns).

Manul the Skirmisher (Ghoul Fighter)                Turns: 2183, Time: 00:02:44

HP:   -12/36 (38)   AC: 13    Str: 20    XL:     4   Next: 25%
MP:   3/3           EV:  3    Int:  3    God:
Gold: 145           SH: 11    Dex:  8    Spells: 3/3 levels left

rFire    . . .     SeeInvis .     - Unarmed
rCold    + . .     Gourm    .   j - +2 shield
rNeg     + + +     Faith    .   f - +0 plate armour
rPois    ∞         Spirit   .   u - +0 helmet
rElec    .         Reflect  .   x - +0 cloak
rCorr    +         Harm     .   (no gloves)
MR       .....                  (no boots)
Stlth    ..........             (no amulet)
HPRegen  0.00/turn              o - ring of resist corrosion
MPRegen  0.08/turn              (no ring)

@: rotting
A: rotting body, claws 1, carnivore, cold resistance 1, negative energy
resistance 3, inhibited regeneration, torment resistance, unbreathing
a: no special abilities


You were on level 3 of the Dungeon.
You were not hungry.

You visited 1 branch of the dungeon, and saw 3 of its levels.

You collected 145 gold pieces.

Inventory:

Armour
 a - a +0 scale mail
 b - a +0 shield
 f - a +0 plate armour (worn)
 j - a +2 shield (worn)
 u - a +0 helmet (worn)
 x - a +0 cloak (worn)
Jewellery
 o - a ring of resist corrosion (left claw)
Scrolls
 h - 3 scrolls of enchant weapon {unknown}
 i - 3 scrolls of teleportation {unknown}
 l - 2 scrolls of fog {unknown}
 m - 2 scrolls of random uselessness {unknown}
 n - 2 scrolls of noise {unknown}
 q - 3 scrolls of amnesia {unknown}
 r - a scroll of identify {unknown}
 s - 2 scrolls of immolation {unknown}
 t - a scroll of fear {unknown}
Potions
 c - a potion of might
 e - a potion of degeneration {unknown}
 g - a potion of berserk rage {unknown}
 k - a potion of mutation {unknown}
 v - a potion of curing {unknown}
 w - 2 potions of heal wounds {unknown}
Comestibles
 d - 9 rations


   Skills:
 + Level 3.5 Fighting
 + Level 3.4 Armour
 + Level 3.3 Shields
 + Level 3.0 Unarmed Combat


You had 3 spell levels left.
You didn't know any spells.

Dungeon Overview and Level Annotations

Branches:
Dungeon (3/15)

Altars:
Cheibriados
Hepliaklqana
Kikubaaqudgha
Ru

Annotations:
D:3 dcsswall's ghost, amateur DrFE


Innate Abilities, Weirdness & Mutations

Your body is rotting away.
You thrive on raw meat.
You are immune to poison.
You have sharp fingernails.
You are carnivorous and can eat meat at any time.
Your flesh is cold resistant. (rC+)
You are immune to negative energy. (rN+++)
You do not regenerate when monsters are visible.
You are immune to unholy pain and torment.
You can survive without breathing.


Message History

You claw dcsswall's ghost!
Dcsswall's ghost is heavily damaged.
Dcsswall's ghost hits you but does no damage.
You miss dcsswall's ghost.
Dcsswall's ghost is heavily damaged.
Dcsswall's ghost casts a spell at you. The flame tongue hits you!
Ouch! That really hurt!
* * * LOW HITPOINT WARNING * * *
You scratch dcsswall's ghost but do no damage.
Dcsswall's ghost is heavily damaged.
You block dcsswall's ghost's attack.
You barely miss dcsswall's ghost.
Dcsswall's ghost is heavily damaged.
Dcsswall's ghost casts a spell at you. The flame tongue hits you!
* * * LOW HITPOINT WARNING * * *
Dcsswall's ghost gestures at you while chanting.
The flame tongue hits you!
You die...

#.......###.######.### #
#..........>.........###
#...........######.#.#.#
#......#....##..........
#........[...#..........
#............#..........
#..................#...#
#....W..................
######.@.............#.#
##..................#
############....................
#......<........................
##########......................
#####.....................#
#.........................#
#.........................#
#####..........................


You could see dcsswall's ghost.

Vanquished Creatures
  4 adders
  An ooze (D:3)
  2 giant cockroaches
  4 goblins
  6 hobgoblins
  A quokka (D:2)
  2 bats (D:1)
  2 frilled lizards
  6 kobolds
  5 rats
33 creatures vanquished.

Notes
Turn   | Place    | Note
-------+----------+-------------------------------------------
     0 | D:1      | Manul the Ghoul Fighter began the quest for the Orb.
     0 | D:1      | Reached XP level 1. HP: 19/19 MP: 0/0
   313 | D:1      | Reached XP level 2. HP: 26/26 MP: 1/1
  1053 | D:2      | Reached XP level 3. HP: 31/31 MP: 2/2
  1209 | D:2      | Found a snail-covered altar of Cheibriados.
  1212 | D:2      | Found a hazy altar of Hepliaklqana.
  1224 | D:2      | Found a sacrificial altar of Ru.
  1236 | D:2      | Found an ancient bone altar of Kikubaaqudgha.
  1666 | D:3      | Reached XP level 4. HP: 32/38 MP: 3/3
  2166 | D:3      | Noticed dcsswall's ghost (amateur DrFE)
  2183 | D:3      | Killed from afar by dcsswall's ghost

Vault maps used:
D:1:      dpeg_arrival_tiny_a
D:2:      grunt_temple_overflow_cloverleaf
D:3:      lemuel_upstairs_altar, first_ration, tso_altar

Skill      XL: |  1  2  3 |
---------------+----------+-----
Armour         | 3 |  3.4
Shields        | 3 |  3.3
Unarmed Combat | 3 |  3.0
Fighting       | |  3.5

Action                   |  1- 3 |  4- 6 || total
-------------------------+-------+-------++-------
Melee: Unarmed           |   130 |    42 ||   172
  Eat: Chunk             |     2 |     3 ||     5
Armor: Scale mail        |     9 |       ||     9
       Plate armour      |    39 |    12 ||    51
Dodge: Dodged            |    16 |     6 ||    22
Block: Shield            |    62 |    16 ||    78

Table legend:
 A = Spawn XP
 B = Non-spawn XP
 C = Spawn XP percentage of total XP
 D = Spawn monster count
 E = Non-spawn monster count
 F = Spawn count percentage of total count
 G = Total turns spent on level
                    A         B        C        D         E        F      G
               +---------+---------+-------+---------+---------+-------+---------
         Total |       0 |     103 |   0.0 |       0 |      33 |   0.0 |  2183
               +---------+---------+-------+---------+---------+-------+---------
           D:1 |       0 |      18 |   0.0 |       0 |      12 |   0.0 |   862
           D:2 |       0 |      24 |   0.0 |       0 |       7 |   0.0 |   657
           D:3 |       0 |      61 |   0.0 |       0 |      14 |   0.0 |   664
               +---------+---------+-------+---------+---------+-------+---------
